 Dungeon Crawl Stone Soup version 0.19-a0-1122-g39308c2 (webtiles) character file.

118243 Jivvin the Impaler (level 16, 0/204 HPs)
             Began as a Demonspawn Abyssal Knight on Aug 11, 2016.
             Was an Elder of Lugonu.
             Succumbed to a naga ritualist's toxic radiance
             ... on level 2 of the Snake Pit.
             The game lasted 00:58:41 (41144 turns).

Jivvin the Impaler (Demonspawn Abyssal Knight)     Turns: 41144, Time: 00:58:42

Health: 0/204      AC: 28    Str: 19    XL:     16   Next: 25%
Magic:  25/25      EV:  2    Int: 13    God:    Lugonu [****..]
Gold:   469        SH:  0    Dex: 14    Spells: 0 memorised, 15 levels left

rFire  . . .     SeeInvis +     g - +6 halberd
rCold  . . .     Gourm    .     (armour currently unavailable)
rNeg   + + +     Faith    .     (shield currently unavailable)
rPois  +         Spirit   .     (helmet currently unavailable)
rElec  .         Dismiss  .     (cloak currently unavailable)
rCorr  .         Reflect  .     (gloves currently unavailable)
SustAt .         Harm     .     (boots unavailable)
MR     +....     NoTele   +     j - amulet of rage
Stlth  +.........               e - +5 ring of evasion
                                E - +4 ring of evasion

@: lethally poisoned (0 -> -1), tree-form
A: (hooves 0), (horns 0), see invisible, (cold resistance 0), demonic guardian
2, freezing cloud immunity, (sanguine armour 0)
a: Depart the Abyss, Bend Space, Banish, Corrupt, Renounce Religion, Evoke
Berserk Rage


You were on level 2 of the Snake Pit.
You worshipped Lugonu.
Lugonu was greatly pleased with you.
You were not hungry.
You were a tree.
You visited 4 branches of the dungeon, and saw 25 of its levels.
You visited the Abyss 1 time.

You collected 2670 gold pieces.
You spent 2201 gold pieces at shops.

Inventory:

Hand Weapons
 g - a +6 halberd (weapon)
Armour
 i - a +0 pair of gloves (melded)
 J - a +7 chain mail of fire resistance (melded)
Jewellery
 e - a +5 ring of evasion (right branch)
 j - an amulet of rage (around neck)
 E - a +4 ring of evasion (left branch)
Wands
 f - a wand of iceblast (1/15)
 m - a wand of hasting (8/9)
 q - a wand of digging (18/24)
 A - a wand of acid (0/15)
 L - a wand of disintegration (5/24)
Scrolls
 a - a scroll of silence
 c - a scroll of holy word
 d - 12 scrolls of remove curse
 s - a scroll of fog
 t - 4 scrolls of amnesia
Potions
 x - 3 potions of brilliance
 G - 2 potions of cure mutation
Books
 b - a book of Alchemy

   Spells                             Type                      Level
   a - Sublimation of Blood           Necromancy                   2
   b - Ignite Poison                  Fire/Transmutation/Poison    3
   c - Petrify                        Transmutation/Earth          4
   d - Alistair's Intoxication        Transmutation/Poison         5
   e - Irradiate                      Conjuration/Transmutation    5
 h - a book of Necromancy

   Spells                             Type                      Level
   a - Pain                           Necromancy                   1
   b - Animate Skeleton               Necromancy                   1
   c - Vampiric Draining              Necromancy                   3
   d - Regeneration                   Charms/Necromancy            3
   e - Animate Dead                   Necromancy                   4
   f - Control Undead                 Necromancy                   4
 k - an Akashic Record

   Spells                             Type                      Level
   a - Dispersal                      Translocation                6
   b - Malign Gateway                 Summoning/Translocation      7
   c - Disjunction                    Translocation                8
   d - Controlled Blink               Translocation                8
 n - Easy Magic
   (You found it on level 8 of the Dungeon)

   Spells                             Type                      Level
   a - Airstrike                      Air                          4
   b - Force Lance                    Conjuration/Translocation    4
   c - Throw Icicle                   Conjuration/Ice              4
   d - Control Undead                 Necromancy                   4
   e - Summon Lightning Spire         Summoning/Air                4
   f - Petrify                        Transmutation/Earth          4
 y - a book of Frost

   Spells                             Type                      Level
   a - Freeze                         Ice                          1
   b - Throw Frost                    Conjuration/Ice              2
   c - Ozocubu's Armour               Charms/Ice                   3
   d - Throw Icicle                   Conjuration/Ice              4
   e - Summon Ice Beast               Ice/Summoning                4
 z - a book of Air

   Spells                             Type                      Level
   a - Shock                          Conjuration/Air              1
   b - Swiftness                      Charms/Air                   2
   c - Repel Missiles                 Charms/Air                   2
   d - Static Discharge               Conjuration/Air              3
   e - Lightning Bolt                 Conjuration/Air              5
Comestibles
 l - a meat ration
 p - 12 beef jerkies
 r - 22 fruits
 u - 12 bread rations
 v - a slice of pizza
 w - 2 chunks of flesh


   Skills:
 - Level 15.1 Fighting
 * Level 15.8 Polearms
 - Level 13.9 Armour
 - Level 1.1 Dodging
 - Level 13.0 Invocations


You had 15 spell levels left.
You didn't know any spells.

Dungeon Overview and Level Annotations

Branches:
Dungeon (15/15)            Temple (0/1) D:4            Lair (6/6) D:11
  Swamp (0/4) Lair:4        Snake (2/4) Lair:2        Slime (0/5) Lair:5
    Orc (2/2) D:11            Elf (0/3) Orc:2        Vaults (0/5) D:14
 Depths (0/5) D:15

Altars:
Ashenzari
Cheibriados
Fedhas
Makhleb
Nemelex Xobeh
Pakellas
Trog
Uskayaw
Vehumet
Xom
Yredelemnul
The Shining One
Lugonu

Shops:
D:4 :   D:10 [   Orc:2 [([*

Portals:
Trove: D:10 (give horn of Geryon)

Annotations:
D:8 corrupted
D:13 corrupted
Lair:4 corrupted
Lair:6 corrupted
Snake:2 exclusion: Roxanne, Roxanne
Abyss:1 Dowan, Duvessa, Erica, Fannar, Frances, Gastronok, Maurice, Nergalle, Snorg, Urug


Innate Abilities, Weirdness & Mutations

((You have hooves in place of feet.))
((Your flesh is cold resistant. (rC+)))
A demonic guardian rushes to your aid.
You are immune to freezing clouds.
((When seriously injured, your bleeding wounds create armour. (AC +0)))
((You have a pair of small horns on your head.))
You have supernaturally acute eyesight. (SInv)


Message History

You feel sick.
* * * LOW HITPOINT WARNING * * *
You feel sick.
* * * LOW HITPOINT WARNING * * *
You feel sick.
* * * LOW HITPOINT WARNING * * *
You feel sick.
* * * LOW HITPOINT WARNING * * *
You feel sick.
* * * LOW HITPOINT WARNING * * *
You feel sick.
* * * LOW HITPOINT WARNING * * *
You feel sick.
* * * LOW HITPOINT WARNING * * *
You feel sick.
* * * LOW HITPOINT WARNING * * *
You feel sick.
* * * LOW HITPOINT WARNING * * *
You feel sick.
You die...

..........##...........()###).###
.#.....)..##.###..####.#.# #..#
................)..# #.#.###..###
..........##.###...# #.#.........
...................# #.#......###
#####...#.##.#.#...# #.#.####.#
.............#.#..)# #.#.# #.#
#####.......##.#...# #.#.# #.###
#####...#.......♣..# #.#.# #.#..
......#.###.##.##..###.#.# #.#.#
...)....# #.##.##....#)#.####.#.#
#####)#####.##.##..#.#(#........#
#..)<.........)...#.).#.####.###
##.##.#####.######.#.#.#.# ##.###
...##.# #.# #.#.#.#.# #.....
##.##.# #.######.....##########
#.#### #...............#


There were no monsters in sight!

Vanquished Creatures
  Nikola (Snake:1)
  A frost giant (D:15)
  Aizul (Snake:1)
  An ogre mage (D:15)
  Erolcha (Orc:1)
  4 hydras
  4 naga warriors
  2 centaur warriors
  4 death yaks (Lair:6)
  6 anacondas
  A naga sharpshooter (Snake:2)
  3 orc high priests
  2 shock serpents
  A deep elf knight (D:15)
  A salamander mystic (Snake:2)
  A wizard (D:14)
  3 naga ritualists
  9 hill giants
  A phantasmal warrior (D:15)
  A necromancer (D:14)
  2 orc knights (Orc:2)
  4 mana vipers
  9 ugly things
  2 orc sorcerers (Orc:2)
  4 deep elf magi
  A griffon (Lair:5)
  4 cyclopes
  4 salamanders (Snake:2)
  14 black mambas
  16 elephants
  5 naga magi
  9 spiny frogs
  4 gargoyles
  2 kobold demonologists
  7 komodo dragons
  2 rime drakes (Lair:6)
  An efreet (D:15)
  3 freezing wraiths
  4 polar bears
  6 trolls
  5 two-headed ogres
  6 blink frogs
  A boulder beetle (shapeshifter) (D:15)
  A slime creature (D:14)
  A boulder beetle (Lair:6)
  A meliai zombie (D:15)
  3 wraiths
  30 yaks
  A shadow (D:14)
  A human (shapeshifter) (D:14)
  2 wyverns
  2 hungry ghosts (D:12)
  2 basilisks
  6 hippogriffs
  20 nagas
  4 wargs
  A soldier ant (D:10)
  10 porcupines
  13 water moccasins
  2 eyes of draining
  5 sky beasts
  8 black bears
  6 phantoms
  9 ogres
  40 orc warriors
  5 ice beasts
  A wasp (shapeshifter) (D:14)
  A necrophage (D:6)
  4 wolves (Lair:6)
  3 wasps
  11 crocodiles
  20 centaurs
  A big kobold (D:11)
  15 giant frogs
  2 wyvern skeletons
  A wyvern zombie (D:11)
  4 scorpions
  5 wights
  28 killer bees
  The ghost of shmup the Firebug, a weakling HEFE (D:4)
  A wasp zombie (D:8)
  2 centaur zombies
  A giant frog zombie (D:8)
  8 crimson imps
  A quasit (D:7)
  5 hounds
  11 jellies
  19 orc priests
  A centaur skeleton (D:3)
  31 orc wizards
  3 giant frog skeletons
  Ijyb (D:2)
  7 iguanas
  12 worker ants
  A killer bee zombie (D:7)
  25 sheep
  2 hound zombies
  A hound skeleton (D:4)
  A worker ant zombie (D:9)
  A howler monkey skeleton (D:10)
  3 gnolls (D:5)
  38 river rats
  21 adders
  3 shadow imps
  4 oozes
  An adder zombie (D:6)
  An adder skeleton (D:9)
  A worm (D:4)
  4 dart slugs
  4 giant geckos
  97 orcs
  5 giant cockroaches
  7 goblins
  16 hobgoblins
  18 jackals
  28 kobolds
  5 quokkas
  A ball python (D:4)
  3 bats
  7 giant newts
  7 rats
841 creatures vanquished.

Vanquished Creatures (collateral kills)
  Kirke (Snake:1)
  A greater naga (Snake:1)
  A hydra (D:15)
  3 anacondas (Snake:1)
  A death knight (D:15)
  3 naga sharpshooters (Snake:2)
  2 hill giants
  A necromancer (D:14)
  2 mana vipers
  An ugly thing (D:15)
  A cyclops (D:15)
  9 black mambas
  A centaur zombie (D:15)
  2 naga magi
  A gargoyle (D:15)
  A polar bear (Lair:1)
  2 two-headed ogres (D:15)
  A blink frog (Lair:1)
  6 yaks
  2 wyverns
  A hungry ghost (D:10)
  A naga (Snake:2)
  A water moccasin (D:9)
  An ice beast (D:15)
  4 centaurs
  A big kobold (D:10)
  A giant frog (D:8)
  A wight (D:9)
  2 killer bees (Lair:1)
  An orc priest (D:8)
  An orc wizard (D:9)
  3 sheep
  6 orcs
  A kobold (D:11)
67 creatures vanquished.

Vanquished Creatures (others)
  Rupert (Lair:6)
  2 orc warlords
  An ettin (Orc:2)
  The ghost of TrogTrogTrog the Carver, a journeyman MiGl of Dithmenos (D:11)
  2 hydras
  A catoblepas (Lair:6)
  The ghost of TrogTrogTrog the Carver, a novice MiGl of Dithmenos (D:9)
  An anaconda (Snake:1)
  A centaur warrior (D:14)
  6 death yaks
  A deep troll shaman (Lair:6)
  A tengu warrior (D:14)
  An orc high priest (Orc:2)
  A naga sharpshooter (Snake:2)
  An unseen horror (D:11)
  3 orc knights
  2 hill giants
  2 ugly things (D:8)
  The ghost of Elysium the Covered, a novice DsGl of Ru (D:6)
  An orc sorcerer (Orc:2)
  A cyclops (D:11)
  2 manticores
  An elephant (Lair:6)
  A rime drake (Lair:6)
  A spiny frog (Lair:1)
  2 gargoyles (D:13)
  An efreet (D:13)
  A komodo dragon (Lair:3)
  A troll (D:8)
  A queen bee (Lair:1)
  A polar bear (Lair:1)
  2 two-headed ogres (D:8)
  6 blink frogs (Lair:6)
  A shadow (D:13)
  A wyvern (D:8)
  2 yaks (Lair:4)
  3 humans (Snake:1)
  2 water moccasins (Lair:6)
  A black bear (D:8)
  An eye of draining (D:13)
  2 wasps (D:10)
  2 centaurs (D:13)
  An orc warrior (D:8)
  A giant frog (Lair:4)
  A scorpion (D:8)
  3 killer bees (D:13)
  A howler monkey (D:8)
  10 electric eels
  A crimson imp (D:13)
  2 orc priests (Orc:1)
  2 orc wizards (D:13)
  2 worker ants
  6 orcs
  16 fungi
  21 plants
  12 starspawn tentacles
  4 toadstools (D:1)
150 creatures vanquished.

Grand Total: 1058 creatures vanquished

Notes
Turn   | Place    | Note
-------+----------+-------------------------------------------
     0 | Abyss:1  | Jivvin the Demonspawn Abyssal Knight began the quest for the Orb.
     0 | Abyss:1  | Reached XP level 1. HP: 18/18 MP: 2/2
    94 | Abyss:1  | Noticed a large abomination
    94 | Abyss:1  | Noticed a thrashing horror
    97 | D:1      | Escaped the Abyss
   120 | D:1      | Reached * piety under Lugonu
   147 | D:1      | Gained mutation: Your flesh is cold resistant. (rC+) [demonic ancestry]
   147 | D:1      | Reached XP level 2. HP: 23/24 MP: 3/3
   322 | D:1      | Reached XP level 3. HP: 25/29 MP: 5/5
   923 | D:2      | Reached ** piety under Lugonu
   949 | D:2      | Noticed Ijyb
   966 | D:2      | Killed Ijyb
   966 | D:2      | Gained mutation: You have large cloven feet. [demonic ancestry]
   966 | D:2      | Reached XP level 4. HP: 28/35 MP: 6/6
  1678 | D:3      | Reached XP level 5. HP: 36/41 MP: 8/8
  2081 | D:3      | Found a faded altar of an unknown god.
  2128 | D:3      | Reached *** piety under Lugonu
  2460 | D:3      | Gained mutation: A weak demonic guardian rushes to your aid. [demonic ancestry]
  2460 | D:3      | Reached XP level 6. HP: 43/48 MP: 9/9
  2651 | D:3      | Found a basalt altar of Yredelemnul.
  3129 | D:4      | Reached skill level 5 in Invocations
  3215 | D:4      | Found Guinal's Book Shop.
  3304 | D:4      | Reached skill level 5 in Polearms
  3351 | D:4      | Found a staircase to the Ecumenical Temple.
  3431 | D:4      | Noticed shmup's ghost (weakling HEFE)
  3460 | D:4      | Killed shmup's ghost
  3463 | D:4      | Gained mutation: You have hoof-like feet. [demonic ancestry]
  3463 | D:4      | Reached XP level 7. HP: 55/55 MP: 9/11
  3731 | D:4      | Gained mutation: You have supernaturally acute eyesight. (SInv) [potion of beneficial mutation]
  3925 | D:5      | Entered Level 5 of the Dungeon
  3927 | D:5      | Found a blossoming altar of Fedhas.
  3977 | D:5      | Found a shimmering altar of Xom.
  4728 | D:5      | Found a glowing golden altar of the Shining One.
  4735 | D:5      | Found a burning altar of Makhleb.
  4744 | D:5      | Found a bloodstained altar of Trog.
  4748 | D:5      | Found a snail-covered altar of Cheibriados.
  4749 | D:5      | Found an oddly glowing altar of Pakellas.
  5017 | D:5      | Reached skill level 5 in Fighting
  5326 | D:5      | Reached XP level 8. HP: 51/62 MP: 12/12
  5398 | D:6      | Found a shattered altar of Ashenzari.
  5525 | D:6      | Reached **** piety under Lugonu
  5643 | D:6      | Noticed Elysium's ghost (novice DsGl)
  5726 | D:6      | Banished Elysium's ghost
  6146 | D:7      | Noticed Duvessa
  6146 | D:7      | Noticed Dowan
  6150 | D:7      | Banished Duvessa
  6151 | D:7      | Banished Dowan
  6269 | D:7      | Found an oddly glowing altar of Pakellas.
  6374 | D:7      | Noticed a hill giant
  6377 | D:7      | Banished a hill giant
  6504 | D:7      | Found a radiant altar of Vehumet.
  6823 | D:8      | Gained mutation: When seriously injured, your bleeding wounds create armour. (AC +0) [demonic ancestry]
  6823 | D:8      | Reached XP level 9. HP: 67/69 MP: 13/15
  6840 | D:8      | Noticed a brown ugly thing
  6841 | D:8      | Noticed a troll
  6849 | D:8      | Noticed a purple ugly thing
  7852 | D:9      | Noticed Erica
  7854 | D:9      | Banished Erica
  8293 | D:9      | Found a hide-covered altar of Uskayaw.
  8464 | D:9      | Noticed TrogTrogTrog's ghost (novice MiGl)
  8468 | D:9      | Banished TrogTrogTrog's ghost
  8993 | D:9      | Gained mutation: You are immune to freezing clouds. [demonic ancestry]
  8993 | D:9      | Reached XP level 10. HP: 75/80 MP: 17/17
  9372 | D:9      | Found a sparkling altar of Nemelex Xobeh.
  9502 | D:10     | Entered Level 10 of the Dungeon
  9560 | D:10     | Noticed a hill giant
  9570 | D:10     | Killed a hill giant
  9570 | D:10     | Reached skill level 10 in Polearms
  9633 | D:10     | Reached skill level 10 in Invocations
  9666 | D:10     | Noticed a gargoyle
  9677 | D:10     | Killed a gargoyle
  9717 | D:10     | Paralysed by a wasp for 2 turns
  9844 | D:10     | Found Noemavom's Antique Armour Shoppe.
 10099 | D:10     | Bought a shiny ring mail for 104 gold pieces
 10156 | D:10     | Found a portal to a secret trove of treasure.
 10216 | D:10     | Found a snail-covered altar of Cheibriados.
 10305 | D:10     | Reached skill level 1 in Dodging
 10394 | D:10     | Noticed a hill giant
 10415 | D:10     | Killed a hill giant
 10519 | D:8      | Corrupted D:8
 10519 | D:8      | Noticed a tentacled starspawn
 10519 | D:8      | Noticed a large abomination
 10519 | D:8      | Noticed a purple draconian
 10519 | D:8      | Noticed a hell hog
 10519 | D:8      | Noticed a thrashing horror
 10519 | D:8      | Noticed a giant orange brain
 10519 | D:8      | Noticed a large abomination
 10519 | D:8      | Noticed a smoke demon
 10522 | D:8      | Noticed a tentacled starspawn
 10524 | D:8      | Killed a purple ugly thing
 10525 | D:8      | Killed a brown ugly thing
 10528 | D:8      | Noticed a starcursed mass
 10580 | D:8      | Noticed a starcursed mass
 10603 | D:8      | Noticed a thrashing horror
 10811 | D:11     | Noticed Maurice
 10811 | D:11     | Noticed a manticore
 10815 | D:10     | Banished a manticore
 11036 | D:8      | Identified Easy Magic
 11350 | D:11     | Noticed a cyclops
 11353 | D:11     | Noticed a death yak
 11361 | D:11     | Banished a cyclops
 11373 | D:11     | Banished a death yak
 11804 | D:11     | Noticed Gastronok
 11804 | D:11     | Noticed a hill giant
 11854 | D:11     | Killed a hill giant
 11854 | D:11     | Gained mutation: You have hooves in place of feet. [demonic ancestry]
 11854 | D:11     | Reached XP level 11. HP: 58/89 MP: 19/19
 11862 | D:11     | Banished Gastronok
 11862 | D:11     | Reached skill level 5 in Armour
 11919 | D:11     | Found a staircase to the Orcish Mines.
 11945 | D:11     | Noticed TrogTrogTrog's ghost (journeyman MiGl)
 11965 | D:11     | Banished TrogTrogTrog's ghost
 12082 | D:11     | Banished Maurice
 12481 | D:11     | Noticed Snorg
 12482 | D:11     | Found a staircase to the Lair.
 12486 | D:11     | Noticed an unseen horror
 12487 | D:11     | Banished Snorg
 12491 | D:11     | Noticed a hill giant
 12502 | D:11     | Banished an unseen horror
 12503 | D:11     | Banished a hill giant
 12998 | Lair:1   | Entered Level 1 of the Lair of Beasts
 13667 | Lair:1   | Reached skill level 10 in Fighting
 14101 | Lair:1   | Noticed Nergalle
 14103 | Lair:1   | Banished Nergalle
 14615 | Lair:1   | Noticed Fannar
 14616 | Lair:1   | Banished Fannar
 14633 | Lair:1   | Reached XP level 12. HP: 52/100 MP: 18/21
 16858 | Lair:2   | Found a staircase to the Snake Pit.
 18233 | Lair:2   | Reached ***** piety under Lugonu
 20153 | Lair:4   | Noticed a death yak
 20153 | Lair:4   | Noticed a death yak
 20153 | Lair:4   | Found a staircase to the Swamp.
 20153 | Lair:4   | Noticed a death yak
 20154 | Lair:4   | Noticed a death yak
 20155 | Lair:4   | Corrupted Lair:4
 20161 | Lair:4   | Killed a death yak
 20161 | Lair:4   | Killed a death yak
 20170 | Lair:4   | Killed a death yak
 20172 | Lair:4   | Killed a death yak
 20280 | Lair:5   | Noticed Urug
 20282 | Lair:5   | Banished Urug
 20318 | Lair:5   | Reached XP level 13. HP: 109/109 MP: 22/22
 20779 | Lair:5   | Found a staircase to the Slime Pits.
 21811 | Lair:6   | Entered Level 6 of the Lair of Beasts
 22008 | Lair:6   | Noticed Rupert
 22011 | Lair:6   | Corrupted Lair:6
 22011 | Lair:6   | Noticed a brown very ugly thing
 22011 | Lair:6   | Noticed a reaper
 22011 | Lair:6   | Noticed a tentacled starspawn
 22011 | Lair:6   | Noticed a tentacled starspawn
 22012 | Lair:6   | Noticed a starcursed mass
 22013 | Lair:6   | Noticed a blizzard demon
 22015 | Lair:6   | Killed Rupert
 22607 | Lair:6   | Found a corrupted altar of Lugonu.
 22952 | Lair:6   | Noticed a dire elephant
 22987 | Lair:6   | Banished a dire elephant
 24712 | D:10     | Bought a runed chain mail for 117 gold pieces
 24802 | Orc:1    | Entered Level 1 of the Orcish Mines
 24866 | Orc:1    | Noticed an orc warlord
 24881 | Orc:1    | Banished an orc warlord
 25138 | Orc:1    | Reached XP level 14. HP: 98/118 MP: 23/23
 25243 | Orc:2    | Entered Level 2 of the Orcish Mines
 26005 | Orc:2    | Found Jeng's Antique Armour Shop.
 26314 | Orc:1    | Noticed Erolcha
 26328 | Orc:1    | Killed Erolcha
 26864 | Orc:2    | Found a staircase to the Elven Halls.
 27867 | Orc:2    | Noticed an orc warlord
 28162 | Orc:2    | Banished an orc warlord
 28671 | Orc:2    | Reached skill level 10 in Armour
 28722 | Orc:2    | Found Esewkida's Antique Armour Emporium.
 28723 | Orc:2    | Found Xeken's Antique Weapon Shoppe.
 28724 | Orc:2    | Found Inlealun's General Store.
 28724 | Orc:2    | Found Lilloeg's Book Emporium.
 28738 | Orc:2    | Bought a shiny plate armour for 759 gold pieces
 28738 | Orc:2    | Bought a glowing plate armour for 759 gold pieces
 28769 | Orc:2    | Bought a spiked leather armour for 231 gold pieces
 28769 | Orc:2    | Bought an encrusted leather armour for 231 gold pieces
 28779 | Orc:2    | Identified the +2 leather armour of Waoczot {Str+2 Int+4} (You bought it in a shop on level 2 of the Orcish Mines)
 28789 | Orc:2    | Identified the +3 leather armour of the Merchant {rN+ Stlth+} (You bought it in a shop on level 2 of the Orcish Mines)
 29206 | D:12     | Noticed Frances
 29237 | D:12     | Banished Frances
 30736 | D:13     | Corrupted D:13
 30736 | D:13     | Noticed a tentacled starspawn
 30736 | D:13     | Noticed a white very ugly thing
 31679 | D:14     | Reached skill level 15 in Fighting
 32716 | D:14     | Gained mutation: A demonic guardian rushes to your aid. [demonic ancestry]
 32716 | D:14     | Reached XP level 15. HP: 111/129 MP: 24/24
 32831 | D:14     | Found a gate to the Vaults.
 33013 | D:15     | Entered Level 15 of the Dungeon
 35153 | D:15     | Noticed a frost giant
 35172 | D:15     | Killed a frost giant
 35179 | D:15     | Found a staircase to the Depths.
 35752 | D:15     | Gained mutation: You have a pair of small horns on your head. [mutagenic meat]
 35970 | Snake:1  | Entered Level 1 of the Snake Pit
 36210 | Snake:1  | Noticed Nikola
 36235 | Snake:1  | Noticed a greater naga
 36235 | Snake:1  | Killed Nikola
 36247 | Snake:1  | Noticed Aizul
 36261 | Snake:1  | Killed Aizul
 36269 | Snake:1  | Noticed Kirke
 36274 | Snake:1  | Killed Kirke
 36646 | Snake:1  | Killed a greater naga
 39142 | Snake:2  | Noticed Roxanne
 39145 | Snake:2  | Reached skill level 15 in Polearms
 39488 | Snake:2  | Reached XP level 16. HP: 136/136 MP: 25/25
 40287 | Snake:2  | HP: 6/136 [poisoned by a naga ritualist (toxic radiance)]
 40293 | Snake:2  | HP: 5/136 [poisoned by a naga ritualist (toxic radiance)]
 40301 | Snake:2  | HP: 6/136 [poisoned by a naga ritualist (toxic radiance)]
 40309 | Snake:2  | HP: 6/136 [poisoned by a naga ritualist (toxic radiance)]
 41130 | Snake:2  | HP: 9/204 [poisoned by a naga ritualist (toxic radiance)]
 41135 | Snake:2  | HP: 5/204 [poisoned by a naga ritualist (toxic radiance)]
 41139 | Snake:2  | HP: 2/204 [poisoned by a naga ritualist (toxic radiance)]
 41144 | Snake:2  | Succumbed to a naga ritualist's toxic radiance

Vault maps used:
D:1:      ldierk_water_garden, corexii_item_surrounded_by_moat
D:2:      grunt_ministairs_9, uniq_iyjb
D:3:      lemuel_coloured_pillars_altar, gup_sewer_entry_glass,
          ecumenical_altar_2
D:4:      serial_shops, shop, first_bread
D:5:      minitemple, overflow_temple_1_default, basic_altar, st_stairs_6
D:6:      minmay_misc_feat_tower, ashenzari_altar_1
D:7:      kennysheep_mini, basic_altar, uniq_duvessa
D:8:      minivault_12
D:9:      kennysheep_little_box, nicolae_overflow_crystal_walls, uniq_erica
D:10:     nicolae_trove_entry_crystal, serial_shops, shop,
          hangedman_pestilent_swarm, cheibriados_altar_1
D:11:     dpeg_lair_monsters, orc_0_dummy, uniq_gastronok, uniq_maurice,
          uniq_snorg
D:12:     uniq_frances
D:14:     minmay_blocking_statues, david_vaults_1, kennysheep_decorative_pillar
D:15:     grunt_enter_depths_snipers, minmay_misc_feat_x, grunt_ministairs_1
Lair:1:   beast_lair_carwin_large_3, special_room, grunt_megastairs_4,
          uniq_nergalle, uniq_fannar
Lair:2:   guppyfry_snake_entry_garden, grunt_megastairs_5, serial_bayou_shore_a,
          lemuel_fruit_fields, infiniplex_staircase_pool_2
Lair:3:   lemuel_fruit_tree, infiniplex_staircase_pool
Lair:4:   minmay_swamp_entry_eels, serial_forest, infiniplex_forest_lined_3,
          infiniplex_forest_clump_diagonal, infiniplex_forest_lined_3_way,
          infiniplex_forest_straight_4, infiniplex_forest_end_1,
          beast_lair_carwin_5
Lair:5:   nicolae_slime_entry_slimehenge, uniq_urug
Lair:6:   grunt_lair_end_beastmaster, basic_altar, uniq_rupert
Snake:1:  minmay_snake_river, uniq_kirke, uniq_nikola, uniq_aizul
Snake:2:  st_stairs_7, uniq_roxanne
Orc:1:    uniq_erolcha
Orc:2:    st_orc_congregation, serial_shops, shop_statue
Abyss:1:  minivault_13, grunt_abyss_exit_deep_breaths

Skill      XL: |  1  2  3  4  5  6  7  8  9 10 11 12 13 14 15 |
---------------+----------------------------------------------+-----
Armour         | 2 4 7 10 13 | 13.9
Polearms       | 2 3 4 5 6 8 9 10 12 14 15 | 15.8
Invocations    | 3 4 5 6 8 9 11 12 13 | 13.0
Fighting       | 4 5 6 7 9 11 12 13 15 | 15.1
Dodging        | 1 |  1.1

Action                   |  1- 3 |  4- 6 |  7- 9 | 10-12 | 13-15 | 16-18 || total
-------------------------+-------+-------+-------+-------+-------+-------++-------
Melee: Spear             |   121 |   327 |   611 |   281 |       |       ||  1340
       Kick              |       |    72 |   157 |   415 |   568 |    26 ||  1238
       Trident           |       |       |       |   825 |   323 |       ||  1148
       Halberd           |       |       |       |   371 |  1626 |   161 ||  2158
       Headbutt          |       |       |       |       |    38 |    20 ||    58
Invok: Depart the Abyss  |     1 |       |       |       |       |       ||     1
       Banish            |       |     1 |    11 |    27 |    39 |     7 ||    85
       Bend Space        |       |       |       |     3 |     3 |       ||     6
       Corrupt           |       |       |       |     2 |     2 |       ||     4
 Abil: Evoke Berserk Rag |       |       |       |     5 |    13 |       ||    18
Evoke: Wand              |       |       |     4 |    11 |     5 |       ||    20
       Phantom mirror    |       |       |       |       |     1 |       ||     1
  Use: Scroll            |     4 |     4 |    11 |    15 |    27 |     2 ||    63
       Potion            |       |     6 |     4 |    11 |    14 |     3 ||    38
 Stab: Sleeping          |     1 |       |       |       |       |       ||     1
       Distracted        |       |       |     1 |     9 |     9 |     1 ||    20
  Eat: Chunk             |       |     3 |    13 |    19 |    22 |       ||    57
       Bread ration      |       |     1 |       |       |       |       ||     1
       Royal jelly       |       |     1 |     1 |    14 |     9 |       ||    25
       Meat ration       |       |       |     2 |     1 |    11 |     1 ||    15
Armor: Leather armour    |    26 |    19 |       |       |       |       ||    45
       Ring mail         |       |    35 |   118 |   268 |   115 |       ||   536
       Skin              |       |       |       |    23 |       |       ||    23
       Chain mail        |       |       |       |       |   502 |    60 ||   562
Dodge: Dodged            |    38 |   216 |   279 |  1200 |  1435 |    76 ||  3244
